 Dungeon Crawl Stone Soup version 0.28.0-47-ge53b351184 (webtiles) character file.

Game seed: 18094227537066946486

40 101zpm the Magician (level 3, 0/31 HPs)
             Began as a Troll Hedge Wizard on Apr 28, 2022.
             Slain by Ijyb
             ... wielding a +0 club
              (2 damage)
             ... on level 4 of the Dungeon.
             The game lasted 00:01:59 (882 turns).

101zpm the Magician (Troll Hedge Wizard)             Turns: 882, Time: 00:02:00

Health: 0/31       AC:  4    Str: 18    XL:     3   Next: 30%
Magic:  5/5        EV: 10    Int: 12    God:
Gold:   40         SH:  0    Dex:  9    Spells: 5/6 levels left

rFire   . . .      SeeInvis .   h - +2 mace (holy)
rCold   . . .      Faith    .   (no shield)
rNeg    . . .      Spirit   .   b - +0 robe
rPois   .          Reflect  .   c - +0 hat
rElec   .          Harm     .   (no cloak)
rCorr   .          Rampage  .   (gloves unavailable)
Will    .....                   (boots unavailable)
Stlth   +.........              (no amulet)
HPRegen 0.90/turn               (no ring)
MPRegen 0.09/turn               (no ring)

@: no status effects
A: large, unfitting armour, claws 3, regeneration 1, shaggy fur 1, tough skin 1
a: no special abilities


You were on level 4 of the Dungeon.
You visited 1 branch of the dungeon, and saw 4 of its levels.

You collected 40 gold pieces.

Inventory:

Hand Weapons
 a - a +0 dagger
 h - a +2 mace of holy wrath (weapon)
Armour
 b - a +0 robe (worn)
 c - a +0 hat (worn)
Jewellery
 d - a ring of poison resistance
Scrolls
 e - a scroll of enchant weapon {unknown}
 g - a scroll of identify {unknown}
 i - a scroll of holy word {unknown}
Potions
 f - a potion of degeneration {unknown}
 j - a potion of heal wounds


   Skills:
 + Level 0.2 Fighting
 + Level 0.2 Short Blades
 + Level 0.3 Maces & Flails
 + Level 2.0 Dodging
 + Level 1.1 Stealth
 + Level 2.3 Spellcasting
 + Level 0.7 Conjurations
 + Level 0.6 Summonings
 + Level 0.6 Translocations


You had 5 spell levels left.
You knew the following spells:

 Your Spells              Type           Power      Damage    Failure   Level
a - Magic Dart            Conj           12%        1d3       21%         1

Your spell library contained the following spells:

 Spells                   Type           Power      Damage    Failure   Level
 Slow                     Hex            4%         N/A       26%         1
 Blink                    Tloc           4%         N/A       30%         2
 Call Imp                 Summ           2%         N/A       30%         2
 Conjure Flame            Conj/Fire      2%         6-21      56%         3
 Mephitic Cloud           Conj/Pois/Air  2%         N/A       56%         3


Dungeon Overview and Level Annotations

Branches:
Dungeon (4/15)
 Temple: D:4-7

Altars:

Annotations:
D:4 Ijyb


Innate Abilities, Weirdness & Mutations

You are too large for most types of armour.
You have claws for hands.
Your natural rate of healing is unusually fast.
You are covered in fur. (AC +1)
You have tough skin. (AC +1)


Message History

Ijyb barely misses you.
You hit Ijyb.
Ijyb is heavily wounded.
Ijyb hits you but does no damage. Ijyb hits you with a +0 club.
* * * LOW HITPOINT WARNING * * *
You hit Ijyb.
Ijyb is severely wounded.
Ijyb closely misses you.
You closely miss Ijyb.
Ijyb is severely wounded.
Ijyb barely misses you.
Ijyb drinks a potion.
Ijyb is healed!
You barely miss Ijyb. Ijyb hits you but does no damage.
You hit Ijyb. You claw Ijyb, but do no damage.
Ijyb is lightly wounded.
Ijyb barely misses you.
You hit Ijyb.
Ijyb is moderately wounded.
Ijyb screams, "You nasty!
Big nasty!"
Ijyb barely misses you. Ijyb hits you with a +0 club.
You hit Ijyb.
Ijyb is moderately wounded.
Ijyb hits you with a +0 club.
* * * LOW HITPOINT WARNING * * *
You hit Ijyb but do no damage.
Ijyb is moderately wounded.
Ijyb hits you with a +0 club.
* * * LOW HITPOINT WARNING * * *
Ijyb barely misses you.
You hit Ijyb.
Ijyb is heavily wounded.
Ijyb hits you with a +0 club.
* * * LOW HITPOINT WARNING * * *
You closely miss Ijyb.
Ijyb is heavily wounded.
Ijyb hits you with a +0 club.
* * * LOW HITPOINT WARNING * * *
You closely miss Ijyb.
Ijyb is heavily wounded.
Ijyb hits you with a +0 club.
You die...

.## ...#
#.... #...
#... ##..#
# ##..#
...)###.<#
.......@##
...#..g.#
##...#
#....
##...
#####


You could see Ijyb.

Vanquished Creatures
  An adder (D:3)
  2 dart slugs (D:3)
  2 ball pythons (D:1)
  2 endoplasms
  2 giant cockroaches (D:1)
  A goblin (D:2)
  2 hobgoblins
  2 quokkas (D:2)
  A bat (D:1)
  6 frilled lizards
  3 kobolds
  3 rats
27 creatures vanquished.

Vanquished Creatures (others)
  4 toadstools (D:1)
4 creatures vanquished.

Grand Total: 31 creatures vanquished

Notes
Turn   | Place    | Note
-------+----------+-------------------------------------------
     0 | D:1      | 101zpm the Troll Hedge Wizard began the quest for the Orb.
     0 | D:1      | Reached XP level 1. HP: 16/16 MP: 2/2
   265 | D:1      | Reached XP level 2. HP: 22/24 MP: 4/4
   773 | D:3      | Reached XP level 3. HP: 20/31 MP: 5/5
   852 | D:4      | Noticed Ijyb
   881 | D:4      | HP: 1/31 [Ijyb/+0 club (4)]
   882 | D:4      | Slain by Ijyb

Illustrated notes

Levels and vault maps discovered:
D:1:      ldierk_walled_garden_2, layout_basic
D:2:      minmay_diamond_boxcup, layout_basic, serial_shops,
          nicolae_shop_statue_plus, minmay_crystal_room
D:3:      layout_loops_cross, shapermc_ecumenical_altar_pompeii, minmay_bisected
D:4:      layout_layer_cave, mainiacjoe_overflow_catwalk,
          minmay_temple_entry_statues_fountains, serial_shops,
          nicolae_shop_stone, uniq_ijyb

Skill      XL: |  1  2  3 |
---------------+----------+-----
Dodging        | 2 |  2.0
Fighting       | |  0.2
Short Blades   | |  0.2
Maces & Flails | |  0.3
Stealth        | |  1.1
Spellcasting   | |  2.3
Conjurations   | |  0.7
Summonings     | |  0.6
Translocations | |  0.6

Action                   || total
-------------------------++-------
Melee: Dagger            ||   126
       Mace              ||    68
       Punch             ||     1
 Cast: Magic Dart        ||     2
 Stab: Sleeping          ||     2
Armor: Robe              ||    84
Dodge: Dodged            ||   106
